 Dungeon Crawl Stone Soup version 0.17-a0-1176-g3d5a0d0 (webtiles) character file.

812 Hanyuu the Insei (level 7, -14/43 HPs)
             Began as an Octopode Transmuter on May 30, 2015.
             Shot with an arrow by a centaur (16 damage)
             ... on level 6 of the Dungeon.
             The game lasted 00:21:32 (6165 turns).

Hanyuu the Insei (Octopode Transmuter)              Turns: 6165, Time: 00:21:32

Health: -14/43     AC:  2    Str: 10    XL:     7   Next: 93%
Magic:  8/10       EV: 16    Int: 17    God:
Gold:   341        SH:  0    Dex: 17    Spells: 3 memorised, 4 levels left

rFire  . . .     SeeInvis .       - Unarmed
rCold  . . .     Clarity  .     (shield currently unavailable)
rNeg   . . .     SustAt   .     (helmet currently unavailable)
rPois  x         Gourm    .     (no amulet)
rElec  .         Spirit   .     (no ring)
rCorr  .         Warding  .     (no ring)
rMut   .         Stasis   .     (no ring)
MR     .....                    (no ring)
Stlth  ++........               (no ring)
                                (no ring)
                                (no ring)
                                (no ring)

@: spider-form, not resistant to hostile enchantments, unstealthy
A: almost no armour, amphibious, 8 rings, (constrict 8), (camouflage 0),
(gelatinous body 0)
a: End Transformation


You were on level 6 of the Dungeon.
You were not hungry.
You were a venomous arachnid creature.
You visited 1 branch of the dungeon, and saw 6 of its levels.

You collected 341 gold pieces.

Inventory:

Missiles
 a - 10 arrows
 z - 2 poisoned tomahawks (quivered)
Jewellery
 w - an uncursed ring of ice
Magical devices
 s - a wand of disintegration (11)
Scrolls
 d - a scroll of fog {unknown}
 e - 2 scrolls of fear
 f - a scroll of noise {unknown}
 h - 3 scrolls of recharging {unknown}
 k - 2 scrolls of blinking {unknown}
 o - a scroll of magic mapping {unknown}
 p - a scroll of remove curse {unknown}
 r - a scroll of immolation {unknown}
 u - 2 scrolls of teleportation {unknown}
 v - a scroll of random uselessness {unknown}
 y - a scroll of brand weapon {unknown}
Potions
 g - a potion of brilliance
 j - a potion of flight
 l - 3 potions of haste
 m - 2 potions of curing
 q - a potion of might
 x - a potion of mutation {unknown}
Books
 b - a book of Changes

   Spells                             Type                      Level
   a - Beastly Appendage              Transmutation                1
   b - Sticks to Snakes               Transmutation                2
   c - Spider Form                    Transmutation/Poison         3
   d - Ice Form                       Ice/Transmutation            4
   e - Blade Hands                    Transmutation                5
Comestibles
 c - 4 bread rations
 i - 5 fruits
 n - 4 meat rations
 t - a chunk of flesh


   Skills:
 + Level 1.6 Fighting
 - Level 3.3 Dodging
 * Level 7.7 Unarmed Combat
 - Level 2.0 Spellcasting
 + Level 3.8 Transmutations
 - Level 1.0 Poison Magic


You had 4 spell levels left.
You knew the following spells:

 Your Spells              Type           Power        Failure   Level  Hunger
a - Beastly Appendage     Trmt           ##....       14%         1    #......
b - Sticks to Snakes      Trmt           ##........   24%         2    ###....
c - Spider Form           Trmt/Pois      ##........   45%         3    ###....


Dungeon Overview and Level Annotations

Branches:
Dungeon (6/15)
 Temple: D:4-7

Altars:
Ashenzari
Gozag
Nemelex Xobeh
Vehumet
Zin

Shops:
D:4 :=[


Innate Abilities, Weirdness & Mutations

You cannot wear most types of armour.
You are amphibious.
You can wear up to eight rings at the same time.
((You can use your tentacles to constrict eight enemies at once.))
((Your skin changes colour to match your surroundings (Stealth).))
((Your rubbery body absorbs attacks (AC +1).))


Message History

The centaur wields a shortbow.
The centaur shoots an arrow.
The arrow hits you!
The centaur shoots an arrow.
The arrow hits you.
You see here an arrow.
Casting: Beastly Appendage
Confirm with . or Enter, or press ? or * to list all spells.
You turn into a venomous arachnid creature.
The centaur shoots an arrow.
The arrow hits you!
The centaur shoots an arrow.
The arrow hits you.
You see here an arrow.
The centaur shoots an arrow.
The arrow misses you.
The centaur shoots an arrow.
The arrow hits you!
* * * LOW HITPOINT WARNING * * *
There is a stone staircase leading up here.
You see here an arrow.
Unknown command.
Drink which item? (? for menu, Esc to quit)
Okay, then.
The centaur shoots an arrow.
The arrow completely misses you.
The centaur shoots an arrow.
The arrow hits you!
You die...

#. #[...............# .##
#....[...........# ..
#....###########.. #. #....#
#..
######.#####....###########..
...c.......c.................
#.....(((.#....###########..
.......###.#....# ### .......
#.#s...# ....... #.###.##
####### #.....# #######


You could see a centaur.

Vanquished Creatures
  An ogre (D:4)
  The ghost of Oddysee the Magician, an average DrCj (D:4)
  A giant frog zombie (D:5)
  A giant frog skeleton (D:4)
  2 orc priests
  2 iguanas
  8 orc wizards
  Terence (D:2)
  4 gnolls (D:4)
  2 adders
  An adder skeleton (D:4)
  A worm (D:5)
  5 giant geckos
  27 orcs
  2 bat skeletons (D:4)
  6 giant cockroaches
  15 goblins
  12 hobgoblins
  9 jackals
  14 kobolds
  4 quokkas
  9 bats
  A giant gecko skeleton (D:5)
  A giant gecko zombie (D:5)
  3 giant newts
  12 rats
145 creatures vanquished.

Vanquished Creatures (collateral kills)
  A gnoll (D:1)
1 creature vanquished.

Grand Total: 146 creatures vanquished

Notes
Turn   | Place    | Note
--------------------------------------------------------------
     0 | D:1      | Hanyuu the Octopode Transmuter began the quest for the Orb.
     0 | D:1      | Reached XP level 1. HP: 13/13 MP: 3/3
   254 | D:1      | Reached XP level 2. HP: 2/18 MP: 1/5
   527 | D:1      | Learned a level 2 spell: Sticks to Snakes
   817 | D:1      | Reached skill level 4 in Unarmed Combat
   860 | D:1      | Reached XP level 3. HP: 19/23 MP: 4/6
   870 | D:1      | Learned a level 3 spell: Spider Form
  1286 | D:2      | Reached skill level 1 in Poison Magic
  1362 | D:2      | Noticed Terence
  1371 | D:2      | Killed Terence
  1371 | D:2      | Reached XP level 4. HP: 23/28 MP: 3/7
  1485 | D:2      | Found a sparkling altar of Nemelex Xobeh.
  2298 | D:3      | Found a shattered altar of Ashenzari.
  2326 | D:3      | Reached skill level 5 in Unarmed Combat
  2950 | D:4      | Reached XP level 5. HP: 18/33 MP: 2/8
  3375 | D:4      | Noticed Oddysee's ghost (average DrCj)
  3401 | D:4      | Killed Oddysee's ghost
  3401 | D:4      | Reached skill level 6 in Unarmed Combat
  3401 | D:4      | Reached XP level 6. HP: 31/38 MP: 6/9
  3468 | D:4      | Found Noofeuno's Jewellery Emporium.
  3498 | D:4      | Found Cunn's Book Shop.
  3524 | D:4      | Noticed an ogre
  3534 | D:4      | Killed an ogre
  3859 | D:4      | Found an opulent altar of Gozag.
  3860 | D:4      | Found a glowing silver altar of Zin.
  3886 | D:4      | Found Timp's Armour Boutique.
  3916 | D:4      | Reached XP level 7. HP: 39/43 MP: 6/10
  4073 | D:4      | Reached skill level 7 in Unarmed Combat
  4924 | D:5      | Entered Level 5 of the Dungeon
  5645 | D:5      | Found a radiant altar of Vehumet.
  6164 | D:6      | HP: 2/43 [centaur/arrow (12)]
  6165 | D:6      | Shot with an arrow by a centaur

Vault maps used:
D:1:      dpeg_arrival_connections, interstate_on_off,
          wad_floor_pattern_untrapped
D:2:      lemuel_doored_altar, uniq_terence
D:3:      ashenzari_conservatory_becter, serial_co_window_serial,
          co_window_of_opportunity_a, co_window_of_opportunity_a,
          co_window_corner_a, co_window_corner_a, co_window_corner_a,
          co_window_paths_a, co_window_2corner, co_window_broadway_c,
          co_window_paths_c, co_window_corner_b, glass_columns_a,
          glass_columns_b
D:4:      grunt_temple_overflow_gold_and_silver, serial_shops, shop,
          nicolae_shop_behind_doors, nicolae_shop_trees
D:5:      basic_altar, first_bread
D:6:      minmay_klotski, hangedman_ru_absence

Action                   |  1- 3 |  4- 6 |  7- 9 || total
-------------------------+-------+-------+-------++-------
Melee: Unarmed           |    69 |   163 |   159 ||   391
 Cast: Beastly Appendage |     3 |     9 |     3 ||    15
       Sticks to Snakes  |     2 |       |       ||     2
       Spider Form       |     1 |     7 |    10 ||    18
 Abil: End Transformatio |       |       |     1 ||     1
  Use: Scroll            |       |     5 |     2 ||     7
       Potion            |       |     1 |     1 ||     2
 Stab: Sleeping          |     3 |     5 |       ||     8
  Eat: Chunk             |     2 |     9 |     8 ||    19
       Fruit             |       |       |     1 ||     1
